 Dungeon Crawl Stone Soup version 0.18.1-48-g4cf74bf (webtiles) character file.

636 Peloso the Shield-Bearer (level 7, -5/61 HPs)
             Began as a Minotaur Fighter on July 23, 2016.
             Slain by an ogre
             ... wielding a cursed -2 giant spiked club
              (10 damage)
             ... on level 4 of the Dungeon.
             The game lasted 00:08:29 (3035 turns).

Peloso the Shield-Bearer (Minotaur Fighter)         Turns: 3035, Time: 00:08:30

Health: -5/61      AC:  8    Str: 20    XL:     7   Next: 25%
Magic:  6/6        EV:  9    Int:  5    God:
Gold:   171        SH: 10    Dex: 12    Spells: 0 memorised, 6 levels left

rFire  . . .     SeeInvis .     a - +0 long sword
rCold  . . .     Gourm    .     b - +0 scale mail
rNeg   . . .     Faith    .     c - +0 shield
rPois  .         Spirit   .     (helmet restricted)
rElec  .         Dismiss  .     (no cloak)
rCorr  +         Reflect  .     (no gloves)
SustAt .         Harm     .     v - +0 pair of boots
MR     .....                    (no amulet)
Stlth  ..........               w - ring of resist corrosion
                                p - ring of loudness (curse)

@: not resistant to hostile enchantments, extremely unstealthy
A: retaliatory headbutt, horns 2
a: no special abilities


You were on level 4 of the Dungeon.
You were not hungry.

You visited 1 branch of the dungeon, and saw 4 of its levels.
You also visited: Ossuary.

You collected 171 gold pieces.

Inventory:

Hand Weapons
 a - a +0 long sword (weapon)
 s - a +3 short sword
Armour
 b - a +0 scale mail (worn)
 c - a +0 shield (worn)
 v - a +0 pair of boots (worn)
Jewellery
 g - an uncursed ring of flight
 p - a cursed ring of loudness (left hand)
 w - a ring of resist corrosion (right hand)
Scrolls
 d - a scroll of teleportation {unknown}
 i - 2 scrolls of fog {unknown}
 j - 3 scrolls of amnesia {unknown}
 k - 3 scrolls of identify
 m - 2 scrolls of noise {unknown}
 n - 3 scrolls of fear {unknown}
 r - 2 scrolls of enchant weapon {unknown}
 t - 3 scrolls of blinking {unknown}
 u - a scroll of immolation {unknown}
 y - a scroll of enchant armour {unknown}
 A - 2 scrolls of remove curse {unknown}
Potions
 e - 2 potions of heal wounds
 l - 2 potions of invisibility
 o - a potion of brilliance
 x - 3 potions of curing
 B - a potion of cancellation
 C - a potion of haste
Comestibles
 f - 5 bread rations
 h - a meat ration
 z - a fruit


   Skills:
 + Level 5.0 Fighting
 + Level 4.4 Long Blades
 + Level 5.9 Armour
 + Level 2.8 Dodging
 + Level 1.2 Stealth
 + Level 6.0 Shields


You had 6 spell levels left.
You didn't know any spells.

Dungeon Overview and Level Annotations

Branches:
Dungeon (4/15)
 Temple: D:4-7

Altars:
Makhleb
Trog


Innate Abilities, Weirdness & Mutations

You reflexively headbutt those who attack you in melee.
You have a pair of horns on your head.


Message History

The ogre is moderately wounded.
The ogre closely misses you.
You hit the ogre.
The ogre is heavily wounded.
The ogre barely misses you.
You hit the ogre but do no damage. You headbutt the ogre!
The ogre is severely wounded.
You block the ogre's attack.
You barely miss the ogre.
The ogre is severely wounded.
You hit the ogre but do no damage.
You headbutt the ogre, but do no damage.
The ogre is severely wounded.
The ogre hits you with a giant spiked club.
* * * LOW HITPOINT WARNING * * *
You slash the ogre!
You headbutt the ogre, but do no damage.
The ogre is almost dead.
The ogre hits you with a giant spiked club!
You die...

####### #.....
#....### #... #.#
.####.
#..###.###......
#..'...O@#......
###..###.###.#... .
#......#.#....... ..
#......###...# ...
#............# ....
#......#.#..## .....
#...##.#.#..##....O.
#### #.#.........#
#######.###..####.#


You could see an ogre.

Vanquished Creatures
  A wraith (Ossuary)
  2 ogres (D:4)
  2 eyes of draining (D:4)
  An iguana (D:4)
  A mummy (Ossuary)
  2 adders (D:3)
  2 dart slugs (D:1)
  3 giant geckos
  3 orcs
  8 giant cockroaches
  3 goblins
  11 hobgoblins
  A jackal (D:2)
  7 kobolds
  A quokka (D:3)
  A ball python (D:1)
  2 bats
  A giant newt (D:2)
  7 gnoll skeletons (Ossuary)
  7 kobold skeletons (Ossuary)
  11 orc skeletons (Ossuary)
  5 rats
82 creatures vanquished.

Notes
Turn   | Place    | Note
--------------------------------------------------------------
     0 | D:1      | Peloso the Minotaur Fighter began the quest for the Orb.
     0 | D:1      | Reached XP level 1. HP: 19/19 MP: 0/0
    43 | D:1      | Reached XP level 2. HP: 3/27 MP: 1/1
    49 | D:1      | HP: 1/27 [hobgoblin/club (1)]
   489 | D:1      | Reached skill level 4 in Shields
  1106 | D:2      | Reached XP level 3. HP: 31/33 MP: 2/2
  2141 | D:3      | Reached XP level 4. HP: 39/40 MP: 3/3
  2244 | D:3      | Found a burning altar of Makhleb.
  2503 | D:4      | Noticed an ogre
  2510 | D:4      | Killed an ogre
  2510 | D:4      | Reached skill level 1 in Dodging
  2510 | D:4      | Reached XP level 5. HP: 23/47 MP: 4/4
  2595 | D:4      | Noticed an eye of draining
  2596 | D:4      | Found a bloodstained altar of Trog.
  2596 | D:4      | Noticed an eye of draining
  2614 | D:4      | Killed an eye of draining
  2614 | D:4      | Reached skill level 5 in Armour
  2614 | D:4      | Reached skill level 1 in Stealth
  2614 | D:4      | Reached skill level 5 in Shields
  2617 | D:4      | Killed an eye of draining
  2617 | D:4      | Reached XP level 6. HP: 45/53 MP: 0/5
  2724 | D:4      | Found a sand-covered staircase.
  2732 | Ossuary  | Entered an ossuary
  2732 | Ossuary  | Noticed a wraith
  2732 | Ossuary  | Noticed a wraith
  2732 | Ossuary  | Noticed a wraith
  2909 | Ossuary  | Noticed a wraith
  2964 | Ossuary  | Killed a wraith
  2964 | Ossuary  | Reached skill level 5 in Fighting
  2964 | Ossuary  | Reached skill level 6 in Shields
  2964 | Ossuary  | Reached XP level 7. HP: 17/61 MP: 6/6
  3035 | D:4      | Slain by an ogre

Skill      XL: |  1  2  3  4  5  6 |
---------------+-------------------+-----
Armour         | 4 5 |  5.9
Shields        | 4 5 6 |  6.0
Fighting       | 4 5 |  5.0
Long Blades    | 3 4 |  4.4
Dodging        | 1 2 |  2.8
Stealth        | 1 |  1.2

Action                   |  1- 3 |  4- 6 |  7- 9 || total
-------------------------+-------+-------+-------++-------
Melee: Long sword        |    84 |    89 |     7 ||   180
       Headbutt          |    10 |    25 |     3 ||    38
 Abil: Evoke Flight      |     1 |       |       ||     1
  Use: Potion            |       |     2 |       ||     2
       Scroll            |       |     5 |     2 ||     7
  Eat: Chunk             |     4 |     2 |       ||     6
       Fruit             |       |     1 |       ||     1
Armor: Scale mail        |    35 |    25 |       ||    60
Dodge: Dodged            |    23 |    23 |     2 ||    48
Block: Shield            |    42 |    40 |     2 ||    84
